AoeStats
← [RZ] Arch Oxys

Nomad

510912427Analyzed
2v2 RM · 10h ago on Oct 3, 2026· 43m 51s· 4 players
Game mode
Random Map
Map size
176×176
Population
200
Speed
Normal
Resources
Standard
Victory
Conquest
Starting age
Dark Age
Ending age
Imperial Age
RankedLock teamsTeams togetherTeam positionsShared explorationLock speedFull tech treeHidden civsTurbo modeCheats
Victory
Defeat
🇧🇷 Persians · Brazil
1398
+13
🇧🇷 Mongols · Brazil
1231
+21
🇨🇳 Spanish · China
1336
-17
🇭🇰 Italians · Hong Kong SAR China
1332
-17
[RZ] Arch Oxys
3:31 Loom
13:16 Feudal Age
13:42 Double-Bit Axe
24:50 Castle Age
22:34 Horse Collar
38:22 Medium Warships
39:08 Town Watch
40:53 Fletching
43:21 Bodkin Arrow
42:47 Elite Skirmisher
[RZ] HardZeeiRa-BR
9:49 Loom
12:22 Feudal Age
14:24 Double-Bit Axe
20:47 Castle Age
19:43 Fletching
19:55 Gold Mining
20:42 Padded Archer Armor
20:48 Horse Collar
23:59 Wheelbarrow
23:57 Bloodlines
24:08 Bodkin Arrow
25:07 Husbandry
29:18 Ballistics
39:27 Heavy Plow
40:50 Thumb Ring
44:51 Imperial Age
taki英语课睡觉
4:15 Loom
12:02 Feudal Age
15:36 Castle Age
14:55 Double-Bit Axe
16:14 Forging
16:16 Fishing Lines
16:52 Medium Warships
16:04 Demolition Ship
17:14 Bow Saw
18:21 Scale Barding Armor
18:53 Iron Casting
21:46 Wheelbarrow
21:40 Fishing Lines
22:17 Gillnets
24:00 Stone Mining
30:03 Imperial Age
28:41 Gold Mining
29:09 Hand Cart
30:12 Fletching
30:23 Padded Archer Armor
31:24 Conscription
32:55 Bodkin Arrow
33:16 Leather Archer Armor
34:50 Ballistics
39:08 Chemistry
38:43 Bracer
41:06 Ring Archer Armor
Soyo不用學英文
11:06 Loom
13:22 Feudal Age
17:36 Castle Age
17:50 Double-Bit Axe
20:07 Fletching
28:31 Padded Archer Armor
32:53 Husbandry
33:20 Leather Archer Armor
Connection lost

Rejoining the realm…

Still unreachable

The connection could not be restored.

Session expired

The server has moved on; the page needs a fresh start.